 Dungeon Crawl Stone Soup version 0.18-a0-998-gcb3fcb1 (webtiles) character file.

2384 Ijustatesigmund the Basher (level 9, -2/72 HPs)
             Began as a Demonspawn Abyssal Knight on Jan 5, 2016.
             Was a Priest of Lugonu.
             Slain by a centaur warrior (4 damage)
             ... on level 8 of the Dungeon.
             The game lasted 00:16:54 (6900 turns).

Ijustatesigmund the Basher (DsAK)                   Turns: 6900, Time: 00:16:54

Health: -2/72      AC:  9    Str: 15    XL:     9   Next: 22%
Magic:  10/14      EV: 13    Int: 14    God:    Lugonu [***...]
Gold:   391        SH:  4    Dex: 13    Spells: 0 memorised, 8 levels left

rFire  . . .     SeeInvis .     y - +0 flail (curse)
rCold  . . .     Gourm    .     j - +1 ring mail
rNeg   . . .     Faith    .     q - +0 buckler {rPois}
rPois  +         Spirit   .     (no helmet)
rElec  .         Dismiss  .     B - +0 cloak
rCorr  .         Reflect  .     o - +0 pair of gloves
SustAt .         Harm     .     m - +0 pair of boots (curse)
MR     .....                    (no amulet)
Stlth  +.........               (no ring)
                                (no ring)

@: not resistant to hostile enchantments, very unstealthy
A: hooves 2, repulsion field 2, spiny 1, rot immunity
a: Depart the Abyss, Bend Space, Banish, Renounce Religion


You were on level 8 of the Dungeon.
You worshipped Lugonu.
Lugonu was most pleased with you.
You were not hungry.

You visited 1 branch of the dungeon, and saw 8 of its levels.
You visited the Abyss 1 time.

You collected 391 gold pieces.

Inventory:

Hand Weapons
 a - a +1 mace
 y - a cursed +0 flail (weapon)
Missiles
 s - 12 tomahawks (quivered)
 u - a throwing net
Armour
 j - a +1 ring mail (worn)
 m - a cursed +0 pair of boots (worn)
 o - a +0 pair of gloves (worn)
 q - a +0 buckler of poison resistance (worn)
 B - a +0 cloak (worn)
Magical Staves
 k - an uncursed staff of fire
Wands
 r - a wand of magic darts (34/48)
 w - a wand of cold (4/15)
 x - a wand of confusion (39/48)
 A - a wand of frost (28/48)
 E - a wand of draining (3/15)
Scrolls
 h - 2 scrolls of remove curse
 n - 4 scrolls of magic mapping
 v - a scroll of blinking
Potions
 b - a potion of brilliance
 d - 5 potions of flight
 e - a potion of lignification
 g - 2 potions of curing
 l - a potion of heal wounds {unknown}
 p - a potion of berserk rage
 t - 2 potions of haste {unknown}
 z - a potion of degeneration {unknown}
 D - a potion of invisibility {unknown}
 G - a potion of agility {unknown}
Books
 F - a Grand Grimoire

   Spells                             Type                      Level
   a - Monstrous Menagerie            Summoning                    6
   b - Summon Greater Demon           Summoning                    7
   c - Malign Gateway                 Summoning/Translocation      7
   d - Summon Horrible Things         Summoning                    8
Comestibles
 c - 8 bread rations
 f - 2 meat rations
 i - 6 fruits
 C - a beef jerky


   Skills:
 + Level 7.2 Fighting
 * Level 8.1 Maces & Flails
 - Level 1.7 Armour
 - Level 0.8 Dodging
 + Level 2.6 Shields
 - Level 7.0 Invocations


You had 8 spell levels left.
You didn't know any spells.

Dungeon Overview and Level Annotations

Branches:
Dungeon (8/15)             Temple (0/1) D:5
   Lair: D:8-11

Altars:
Elyvilon
Gozag
Makhleb
Nemelex Xobeh
Yredelemnul

Shops:
D:5 *


Innate Abilities, Weirdness & Mutations

You have hoof-like feet.
You are surrounded by a moderate repulsion field (EV +3).
You are partially covered in sharp spines.
You are immune to rotting.


Message History

You hit the centaur warrior but do no damage.
The centaur warrior is severely wounded.
The centaur warrior misses you. The centaur warrior hits you!
* * * LOW HITPOINT WARNING * * *
You closely miss the centaur warrior.
The centaur warrior is severely wounded.
The centaur warrior hits you.
* * * LOW HITPOINT WARNING * * *
You hit the centaur warrior but do no damage.
The centaur warrior is severely wounded.
The centaur warrior is struck by your spines.
The centaur warrior barely misses you. The centaur warrior hits you!
* * * LOW HITPOINT WARNING * * *
Press: ? - help, Shift-Dir - straight line, f - centaur warrior
Aim: a centaur warrior (severely wounded, chance to defeat MR: 66%)
The centaur warrior struggles to resist.
You feel quite a bit more hungry.
You can no longer corrupt the fabric of space.
The centaur warrior hits you.
You die...

.# #### ##.# ##...## #..
....... #.# ....?.. ##>#
.(..... ####..###
.......##.((....####
........$(#####....#####
......c@### ##......<.
......†.# #....####
.......## ##...# ....#..
#...# ... #.. ##..# ..
#.. #... # #.# #...# ..
##..


You could see a centaur warrior.

Vanquished Creatures
  Pikel (D:5)
  Prince Ribbit (D:5)
  Sigmund (D:6)
  A black bear (D:6)
  2 sky beasts (D:5)
  A centaur (D:6)
  3 ogres
  A phantom (D:4)
  The ghost of Daviar the Sneak, an amateur VSAs (D:4)
  A giant frog (D:6)
  Blork the orc (D:5)
  3 wights (D:7)
  3 orc priests (D:7)
  A hound (D:8)
  3 orc wizards (D:7)
  5 worker ants
  3 hound skeletons (D:5)
  6 adders
  An ooze (D:3)
  2 worms
  3 giant geckos
  13 orcs
  8 bats
  4 giant cockroaches
  5 goblins
  7 hobgoblins
  5 jackals
  8 kobolds
  3 quokkas
  A giant gecko skeleton (D:4)
  A giant gecko zombie (D:7)
  6 giant newts
  A quokka zombie (D:5)
  10 rats
  A spectral orc (D:5)
117 creatures vanquished.

Vanquished Creatures (others)
  An orc warrior (D:7)
1 creature vanquished.

Grand Total: 118 creatures vanquished

Notes
Turn   | Place    | Note
--------------------------------------------------------------
     0 | Abyss:1  | Ijustatesigmund the Demonspawn Abyssal Knight began the quest for the Orb.
     0 | Abyss:1  | Reached XP level 1. HP: 18/18 MP: 2/2
     7 | D:1      | Escaped the Abyss
   206 | D:1      | Gained mutation: You have large cloven feet. [demonic ancestry]
   206 | D:1      | Reached XP level 2. HP: 14/24 MP: 4/4
  1028 | D:1      | Reached ** piety under Lugonu
  1464 | D:2      | Reached XP level 3. HP: 19/29 MP: 5/5
  1897 | D:2      | Gained mutation: You are partially covered in sharp spines. [demonic ancestry]
  1897 | D:2      | Reached XP level 4. HP: 18/36 MP: 6/6
  3040 | D:3      | Reached skill level 4 in Fighting
  3262 | D:3      | Reached *** piety under Lugonu
  3262 | D:3      | Reached XP level 5. HP: 22/42 MP: 7/7
  3470 | D:4      | Noticed Daviar's ghost (amateur VSAs)
  3480 | D:4      | Killed Daviar's ghost
  3489 | D:4      | Noticed an ogre
  3495 | D:4      | Killed an ogre
  3495 | D:4      | Gained mutation: You are surrounded by a mild repulsion field (EV +2). [demonic ancestry]
  3495 | D:4      | Reached XP level 6. HP: 42/49 MP: 9/9
  3738 | D:4      | Found a burning altar of Makhleb.
  3836 | D:4      | Reached skill level 5 in Fighting
  3908 | D:4      | Reached skill level 5 in Maces & Flails
  3908 | D:4      | Reached skill level 5 in Invocations
  3908 | D:4      | Gained mutation: You are surrounded by a moderate repulsion field (EV +3). [demonic ancestry]
  3908 | D:4      | Reached XP level 7. HP: 54/56 MP: 10/10
  3946 | D:5      | Entered Level 5 of the Dungeon
  3950 | D:5      | Found a sparkling altar of Nemelex Xobeh.
  4008 | D:5      | Found an opulent altar of Gozag.
  4011 | D:5      | Found Gozag's Platinum Reserve.
  4055 | D:5      | Noticed Prince Ribbit
  4075 | D:5      | Killed Prince Ribbit
  4449 | D:5      | Found a staircase to the Ecumenical Temple.
  4451 | D:5      | Noticed Blork the orc
  4457 | D:5      | Killed Blork the orc
  4457 | D:5      | Reached skill level 6 in Invocations
  4706 | D:5      | Found a basalt altar of Yredelemnul.
  4841 | D:5      | Gained mutation: You are immune to rotting. [demonic ancestry]
  4841 | D:5      | Reached XP level 8. HP: 56/64 MP: 12/12
  4948 | D:6      | Noticed Sigmund
  4964 | D:6      | Killed Sigmund
  4964 | D:6      | Reached skill level 7 in Invocations
  5102 | D:6      | Identified a scroll of acquirement
  5152 | D:6      | Found a white marble altar of Elyvilon.
  5166 | D:6      | Noticed Pikel
  5209 | D:6      | HP: 2/65 [Pikel/whip of electrocution (20)]
  5539 | D:5      | Killed Pikel
  5539 | D:5      | Reached skill level 1 in Shields
  5812 | D:7      | Reached **** piety under Lugonu
  5817 | D:7      | Gained mutation: You have hoof-like feet. [demonic ancestry]
  5817 | D:7      | Reached XP level 9. HP: 57/71 MP: 14/14
  6536 | D:7      | Reached skill level 8 in Maces & Flails
  6885 | D:8      | Noticed a centaur warrior
  6899 | D:8      | HP: 1/72 [centaur warrior (9)]
  6900 | D:8      | Slain by a centaur warrior

Vault maps used:
D:1:      wheals_arrival_linesprint
D:3:      first_bread
D:4:      nicolae_overflow_hidden_temple, minivault_11, supply_closet_lemuel
D:5:      yredelemnul_forgotten_temple_becter, nicolae_gozag_zags_fifth_avenue,
          minmay_temple_entry_statues_fountains, glass_columns_a,
          nemelex_lonely_heart_becter, uniq_prince_ribbit1, uniq_blork_the_orc
D:6:      elyvilon_altar_3, uniq_sigmund, uniq_pikel
Abyss:1:  hangedman_abyss_or_decor_jellyfish_corner

Action                   |  1- 3 |  4- 6 |  7- 9 || total
-------------------------+-------+-------+-------++-------
Melee: Mace              |    91 |    78 |    39 ||   208
       Staff             |    31 |     8 |       ||    39
       Flail             |       |       |   108 ||   108
Throw: Tomahawk          |       |     5 |    16 ||    21
Invok: Bend Space        |       |       |     2 ||     2
       Banish            |       |       |     3 ||     3
  Use: Scroll            |     5 |     8 |     4 ||    17
       Potion            |       |     1 |     3 ||     4
  Eat: Chunk             |     3 |     7 |     9 ||    19
       Beef jerky        |       |       |     1 ||     1
